 Dungeon Crawl Stone Soup version 0.31-a0-1139-gec03705108 (webtiles) character file.

Game seed: 6209668336656753878

83 MacCMillion the Shield-Bearer (level 4, -1/38 HPs)
             Began as a Ghoul Fighter on Dec 6, 2023.
             Slain by an orc priest
             ... wielding a +0 whip
              (2 damage)
             ... on level 3 of the Dungeon.
             The game lasted 00:03:19 (2103 turns).

MacCMillion the Shield-Bearer (Ghoul Fighter)       Turns: 2103, Time: 00:03:20

Health: -1/38      AC: 11    Str: 21    XL:     4   Next: 44%
Magic:  3/3        EV:  7    Int:  7    God:
Gold:   129        SH:  4    Dex:  8    Spells: 3/3 levels left

rFire   . . .        a - +0 war axe
rCold   + . .        c - +0 buckler
rNeg    + + +        j - +0 chain mail
rPois   ∞            (no helmet)
rElec   .            (no cloak)
rCorr   .            (no gloves)
SInv    .            m - +1 pair of boots
Will    .....        (no amulet) Stlth
                     (no ring)
HPRegen 0.00/turn    (no ring)
MPRegen 0.08/turn

%: no passive effects
@: inhibited regen
A: claws 1, cold resistance 1, negative energy resistance 3, inhibited
regeneration, torment resistance 2, devour on kill
a: no special abilities


You were on level 3 of the Dungeon.
You visited 1 branch of the dungeon, and saw 3 of its levels.

You collected 129 gold pieces.

Inventory:

Hand Weapons
 a - a +0 war axe (weapon)
Missiles
 h - 8 poisoned darts
Armour
 c - a +0 buckler (worn)
 j - a +0 chain mail (worn)
 m - a +1 pair of boots (worn)
Jewellery
 o - a ring of wizardry
Wands
 n - a wand of digging (10)
Scrolls
 e - a scroll of fear {unknown}
 f - 2 scrolls of teleportation {unknown}
 i - a scroll of immolation {unknown}
 l - a scroll of poison {unknown}
 q - a scroll of identify {unknown}
 r - a scroll of enchant armour {unknown}
Potions
 b - a potion of resistance {unknown}
 d - 3 potions of might
 g - 2 potions of curing {unknown}
 k - 2 potions of magic {unknown}
 p - a potion of heal wounds {unknown}


   Skills:
 - Level 3.2 Fighting
 + Level 3.1 Axes
 - Level 2.6 Armour
 + Level 3.8 Shields


You had 3 spell levels left.
You didn't know any spells.
Your spell library contained the following spells:

 Spells                   Type           Power      Damage    Failure   Level
 Necrotise                Necr           0%         1d4       99%         1
 Vampiric Draining        Necr           0%         2d6       100%        3
 Agony                    Necr           0%         N/A       100%        5


Dungeon Overview and Level Annotations

Branches:
Dungeon (3/15)

Altars:


Innate Abilities, Weirdness & Mutations

You are immune to poison.
You have sharp fingernails.
Your flesh is cold resistant. (rC+)
You are immune to negative energy. (rN+++)
You do not regenerate when monsters are visible.
You are immune to unholy pain and torment.
You thrive by killing the living.


Message History

The orc shouts!
An orc priest comes into view. It is wielding a +0 whip.
There are monsters nearby!
The orc priest shouts!
You start waiting.
An orc is nearby!
The orc closely misses you.
You hit the orc.
The orc is heavily wounded.
The orc hits you but does no damage.
You slash the orc!
You kill the orc!
An orc comes into view. It is wielding a +0 dagger.
You block the orc priest's attack.
You closely miss the orc priest.
The orc priest hits you but does no damage.
You closely miss the orc priest.
The orc priest miscasts a cantrip.
You barely miss the orc priest.
The orc priest hits you but does no damage.
The orc priest barely misses you. The orc hits you but does no damage.
You barely miss the orc priest. You slash the orc!
You kill the orc!
The orc priest hits you but does no damage.
You hit the orc priest but do no damage.
The orc priest hits you with a +0 whip.
The orc priest hits you but does no damage.
You barely miss the orc priest.
The orc priest mumbles some strange prayers to Beogh against you.
Beogh smites you!
You closely miss the orc priest. The orc priest hits you with a +0 whip.
You hit the orc priest but do no damage.
You block the orc priest's attack.
The orc priest calls down the wrath of Beogh upon you.
Beogh smites you!
* * * LOW HITPOINT WARNING * * *
You closely miss the orc priest. The orc priest hits you with a +0 whip.
* * * LOW HITPOINT WARNING * * *
You closely miss the orc priest. The orc priest hits you with a +0 whip.
You die...

#.#># ##.##.#.... #
#.#.###...#.#....
#.#####.#.##.....>##...
#......................
##.......####...........
........## ##...#.###..
...####.# ##..#.# ###
... #.# ##.#.# #
....####@# #.#.# #
#...!)o# #.#.. #......#
#.# #.##...# #.####.#
... ..# #.# ### #.# #.#


You could see an orc priest.

Vanquished Creatures
  3 adders
  4 dart slugs
  3 orcs
  3 ball pythons (D:1)
  3 bats
  5 endoplasms
  3 giant cockroaches
  6 goblins
  5 hobgoblins
  2 jackals (D:3)
  A frilled lizard (D:3)
  3 kobolds
41 creatures vanquished.

Notes
Turn   | Place    | Note
-------+----------+-------------------------------------------
     0 | D:1      | MacCMillion the Ghoul Fighter began the quest for the Orb.
     0 | D:1      | Reached XP level 1. HP: 19/19 MP: 0/0
   240 | D:1      | Reached XP level 2. HP: 26/26 MP: 1/1
   934 | D:2      | Reached XP level 3. HP: 31/31 MP: 2/2
   957 | D:2      | Found a faded altar of an unknown god.
  1823 | D:3      | Reached XP level 4. HP: 33/38 MP: 3/3
  2102 | D:3      | HP: 1/38 [orc priest/+0 whip (5)]
  2103 | D:3      | Slain by an orc priest

Illustrated notes

Levels and vault maps discovered:
D:1:      lightli_arrival_farm, layout_loops_ring, hangedman_decor_push
D:2:      layout_basic, nicolae_ecumenical_lake_church, minmay_misc_feat_square
D:3:      layout_loops_ring, dreamdust_princess_corridor

Skill      XL: |  1  2  3 |
---------------+----------+-----
Axes           | 2 3 |  3.1
Shields        | 3 |  3.8
Fighting       | |  3.2
Armour         | |  2.6

Action                     |  1- 3 |  4- 6 || total
---------------------------+-------+-------++-------
  Melee: War axe           |   110 |    33 ||   143
 Armour: Scale mail        |    13 |       ||    13
         Chain mail        |    77 |    28 ||   105
  Dodge: Dodged            |    50 |    10 ||    60
  Block: Buckler           |    30 |     5 ||    35

Table legend: (Time is in decaauts)
 A = Elapsed time spent in this place.
 B = Non-inter-level travel time spent in this place.
 C = Inter-level travel time spent in this place.
 D = Time resting spent in this place.
 E = Time spent auto-exploring this place.
 F = Levels seen in this place.
 G = Mean time per level.
                   A        B        C        D        E       F      G
               +--------+--------+--------+--------+--------+-----+--------+
         Total |   2180 |   2114 |     66 |     63 |   1548 |   3 |  726.7 |
       Dungeon |   2180 |   2114 |     66 |     63 |   1548 |   3 |  726.7 |
               +--------+--------+--------+--------+--------+-----+--------+

Top non-repeatable levels by time:
     D:2: 940 daAuts
     D:1: 899 daAuts
     D:3: 340 daAuts
